 Dungeon Crawl Stone Soup version 0.32-a0-560-g4c7f4391e0 (webtiles) character file.

Game seed: 9265507718225131321

1428 Dittersdorf the Shield-Bearer (level 8, -3/52 HPs)
             Began as a Gargoyle Fighter on Feb 29, 2024.
             Was an Initiate of Gozag.
             Slain by a wight
             ... wielding a +0 halberd
              (8 damage)
             ... on level 6 of the Dungeon.
             The game lasted 00:06:31 (5594 turns).

Dittersdorf the Shield-Bearer (Gargoyle Fighter)    Turns: 5594, Time: 00:06:31

Health: -3/52      AC: 17    Str: 22    XL:     8   Next: 72%
Magic:  8/8        EV:  8    Int:  9    God:    Gozag
Gold:   567        SH: 12    Dex:  9    Spells: 7/7 levels left

rFire   . . .        a - +1 flail (venom)
rCold   . . .        f - +2 buckler
rNeg    + . .        c - +0 chain mail
rPois   ∞            i - +0 helmet
rElec   +            (no cloak)
rCorr   .            (no gloves)
SInv    +            (no boots)
Will    .....        q - amulet of reflection Stlth
                     j - ring of see invisible
HPRegen 0.28/turn    (no ring)
MPRegen 0.11/turn

%: reflection
@: gold aura
A: sickness immunity, AC +5, negative energy resistance 1, electricity
resistance, torment resistance 1, petrification resistance
a: Renounce Religion, Potion Petition, Call Merchant, Bribe Branch


You were on level 6 of the Dungeon.
You worshipped Gozag.
Gozag was pleased with you.
You visited 2 branches of the dungeon, and saw 7 of its levels.

You collected 613 gold pieces.
You paid 46 gold pieces to Gozag.

Inventory:

Hand Weapons
 a - a +1 flail of venom (weapon)
Missiles
 g - a throwing net
Armour
 c - a +0 chain mail (worn)
 f - a +2 buckler (worn)
 i - a +0 helmet (worn)
Jewellery
 j - a ring of see invisible (left hand)
 q - an amulet of reflection (around neck)
 u - a ring of magical power
Wands
 m - a wand of flame (1) (quivered)
 v - a wand of digging (2)
Scrolls
 b - 2 scrolls of teleportation
 h - 3 scrolls of blinking
Potions
 d - a potion of might
 e - a potion of ambrosia
 l - a potion of brilliance {unknown}
 n - a potion of magic {unknown}
 o - a potion of invisibility {unknown}
 p - a potion of enlightenment {unknown}
 r - 2 potions of curing
 s - 4 potions of berserk rage
 t - 2 potions of heal wounds


   Skills:
 + Level 6.6 Fighting
 + Level 5.5 Maces & Flails
 + Level 6.6 Armour
 + Level 6.6 Shields


You had 7 spell levels left.
You didn't know any spells.
Your spell library contained the following spells:

 Spells                   Type           Power      Damage    Failure   Level
 Kiss of Death            Conj/Necr      0%         2d5       95%         1
 Confusing Touch          Hex            0%         N/A       100%        3
 Tukima's Dance           Hex            0%         N/A       100%        3
 Dimensional Bullseye     Hex/Tloc       0%         N/A       100%        4
 Dispel Undead            Necr           0%         3d6       100%        4
 Iskenderun's Mystic Bla  Conj/Tloc      0%         2d3       100%        4


Dungeon Overview and Level Annotations

Branches:
Dungeon (6/15)             Temple (1/1) D:4

Altars:
Cheibriados
Fedhas
Gozag
Hepliaklqana
Kikubaaqudgha
Makhleb
Nemelex Xobeh
Okawaru
Qazlal
Sif Muna
Trog
Xom
Yredelemnul
Zin
The Shining One
Lugonu

Shops:
D:1 [   D:3 ?


Innate Abilities, Weirdness & Mutations

You are immune to sickness and miasma.
Your stone body is resilient. (AC +5)
You are immune to poison.
You resist negative energy. (rN+)
You are resistant to electric shocks. (rElec)
You are resistant to unholy torment.
You are immune to petrification.


Message History

The wight is severely damaged.
You block the wight's attack.
The water moccasin bites you but does no damage.
You closely miss the wight.
The wight is severely damaged.
You feel a bit more experienced. You block the water moccasin's attack.
The wight hits you with a +2 falchion of freezing.
* * * LOW HITPOINT WARNING * * *
The wight freezes you.
* * * LOW HITPOINT WARNING * * *
The water moccasin bites you.
* * * LOW HITPOINT WARNING * * *
You block the wight's attack.
You hit the wight but do no damage.
The wight is severely damaged.
You block the water moccasin's attack. You block the wight's attack.
The water moccasin bites you but does no damage.
The wight attacks as it pursues you! The wight hits you but does no damage.
The wight attacks as it pursues you! The wight barely misses you.
The water moccasin attacks as it pursues you!
The water moccasin bites you but does no damage.
The wight hits you but does no damage.
The water moccasin bites you but does no damage.
The water moccasin attacks as it pursues you!
The water moccasin closely misses you. You block the wight's attack.
The wight is distracted by your dazzling golden aura.
The wight is no longer distracted by gold.
The wight attacks as it pursues you! You block the wight's attack.
You block the water moccasin's attack.
The water moccasin attacks as it pursues you!
The water moccasin bites you but does no damage.
The wight attacks as it pursues you!
The wight hits you from afar with a +0 halberd.
* * * LOW HITPOINT WARNING * * *
Found 8 stones.
The wight is distracted by your dazzling golden aura.
The wight attacks as it pursues you!
The wight hits you from afar with a +0 halberd!
You die...
Your body crumbles into a pile of gold.

....###...........##.........##
....###..........####........#
......#...........###...)....#
.............(...##....##...##
.....##................##...###
.....#####.........##.........#
....### ........>...........##
........###.......z..........##
........ #.....@SSz.z........#
.>......
..........zz)...#.#..##
........
................#.#S..#
........
....#...............z.##
#.......
......##..........##...#
.[..... ..##..
#......#...##...# ...... .
#.............[...!.# ......
..(.##..##...........
#...........


You could see a water moccasin, 5 wights and an adder.

Vanquished Creatures
  A steam dragon (D:6)
  A water moccasin (D:6)
  A sky beast (D:6)
  An ogre (D:6)
  A bullfrog (D:6)
  4 scorpions
  2 howler monkeys (D:5)
  4 hounds
  A gnoll bouda (D:5)
  4 orc priests
  Ijyb (D:5)
  Jessica (D:2)
  2 orc wizards (D:4)
  8 gnolls
  10 adders
  A shadow imp (D:6)
  2 ufetubi (D:5)
  A dart slug (D:4)
  A ribbon worm (D:2)
  15 orcs
  6 ball pythons
  4 endoplasms
  2 giant cockroaches (D:2)
  6 goblins
  6 hobgoblins
  5 jackals
  3 quokkas
  2 bats
  3 frilled lizards
  8 kobolds
  5 rats
112 creatures vanquished.

Vanquished Creatures (collateral kills)
  2 orcs (D:4)
  A hobgoblin (D:4)
3 creatures vanquished.

Vanquished Creatures (others)
  A kobold (D:4)
1 creature vanquished.

Grand Total: 116 creatures vanquished

Notes
Turn   | Place    | Note
-------+----------+-------------------------------------------
     0 | D:1      | Dittersdorf the Gargoyle Fighter began the quest for the
                  | Orb.
     0 | D:1      | Reached XP level 1. HP: 14/14 MP: 1/1
   172 | D:1      | Reached XP level 2. HP: 10/19 MP: 2/2
   628 | D:1      | Found Syecvub's Armour Emporium.
   628 | D:1      | Noticed an animated shadow dragon scales
   631 | D:1      | Noticed an animated storm dragon scales
   967 | D:2      | Reached XP level 3. HP: 24/24 MP: 3/3
  1363 | D:2      | Noticed Jessica
  1375 | D:2      | Killed Jessica
  1376 | D:2      | Reached XP level 4. HP: 26/29 MP: 4/4
  2320 | D:3      | Found Dastros's Magic Scroll Boutique.
  2438 | D:3      | Found a bloodstained altar of Trog.
  3112 | D:3      | Reached XP level 5. HP: 33/33 MP: 5/5
  3549 | D:4      | Found an iron altar of Okawaru.
  3802 | D:3      | Reached XP level 6. HP: 27/39 MP: 6/6
  4014 | D:4      | Found a staircase to the Ecumenical Temple.
  4037 | Temple   | Entered the Ecumenical Temple
  4057 | Temple   | Became a worshipper of Gozag Ym Sagoz the Greedy
  4141 | D:4      | Found a burning altar of Makhleb.
  4239 | D:4      | Found a blossoming altar of Fedhas.
  4271 | D:4      | Found a glowing golden altar of the Shining One.
  4375 | D:5      | Entered Level 5 of the Dungeon
  4476 | D:5      | Reached skill level 5 in Fighting
  4476 | D:5      | Reached skill level 5 in Armour
  4476 | D:5      | Reached skill level 5 in Shields
  4476 | D:5      | Reached XP level 7. HP: 31/44 MP: 7/7
  4593 | D:5      | Noticed Ijyb
  4687 | D:5      | Killed Ijyb
  5321 | D:6      | Reached XP level 8. HP: 50/51 MP: 8/8
  5325 | D:6      | Identified the +2 robe "Qetyet" {Str+3 Int+2}
  5352 | D:6      | Reached skill level 5 in Maces & Flails
  5458 | D:6      | Found a sparkling altar of Nemelex Xobeh.
  5594 | D:6      | Slain by a wight

Illustrated notes

Levels and vault maps discovered:
D:1:      dpeg_arrival_concentric_ovals, layout_loops_ring, serial_shops,
          nicolae_shop_mannequins
D:2:      layout_basic, uniq_jessica
D:3:      layout_basic, trog_three_pillars_becter, serial_shops, shop,
          kennysheep_generic_room_9
D:4:      layout_gridville, mainiacjoe_overflow_24_doors,
          overflow_temple_1_default, mainiacjoe_overflow_two_lobes,
          minmay_temple_entry_statues_pillars, minmay_surrounded
D:5:      layout_rooms, uniq_ijyb
D:6:      layout_cave_pools, nemelex_xobeh_ov_fountains_minmay,
          mainiacjoe_overflow_six_doors_small
Temple:   kb_corrupted_temple

Skill      XL: |  1  2  3  4  5  6  7  8 |
---------------+-------------------------+-----
Fighting       | 4 5 6 |  6.6
Armour         | 4 5 6 |  6.6
Shields        | 4 5 6 |  6.6
Maces & Flails | 3 4 5 |  5.5

Action                     |  1- 3 |  4- 6 |  7- 9 || total
---------------------------+-------+-------+-------++-------
  Melee: Flail             |   105 |   183 |   215 ||   503
  Evoke: Wand              |       |       |    11 ||    11
    Use: Scroll            |       |    12 |     2 ||    14
 Armour: Scale mail        |    75 |    66 |       ||   141
         Chain mail        |       |   102 |   207 ||   309
  Dodge: Dodged            |    48 |   106 |   128 ||   282
  Block: Buckler           |    22 |   133 |   236 ||   391
         Reflection        |       |     5 |     3 ||     8

Table legend: (Time is in decaauts)
 A = Elapsed time spent in this place.
 B = Non-inter-level travel time spent in this place.
 C = Inter-level travel time spent in this place.
 D = Time resting spent in this place.
 E = Time spent auto-exploring this place.
 F = Levels seen in this place.
 G = Mean time per level.
                   A        B        C        D        E       F      G
               +--------+--------+--------+--------+--------+-----+--------+
         Total |   5727 |   5317 |    410 |    595 |   3447 |   7 |  818.1 |
       Dungeon |   5686 |   5314 |    372 |    595 |   3447 |   6 |  947.7 |
        Temple |     40 |      2 |     38 |      0 |      0 |   1 |   40.0 |
               +--------+--------+--------+--------+--------+-----+--------+

Top non-repeatable levels by time:
     D:3: 1356 daAuts
     D:2: 1272 daAuts
     D:4: 1114 daAuts
     D:1: 907 daAuts
     D:5: 757 daAuts
     D:6: 279 daAuts
  Temple: 40 daAuts
